 Dungeon Crawl Stone Soup version 0.19.0-22-gd96e5fe (webtiles) character file.

28 smedtjen the Firebug (level 2, -1/19 HPs)
             Began as a Demonspawn Fire Elementalist on Nov 18, 2016.
             Slain by a jackal (2 damage)
             ... on level 2 of the Dungeon.
             The game lasted 00:07:44 (1670 turns).

smedtjen the Firebug (Demonspawn Fire Elementalist) Turns: 1670, Time: 00:07:45

Health: -1/19      AC:  3    Str:  8    XL:     2   Next: 96%
Magic:  5/5        EV: 12    Int: 16    God:
Gold:   35         SH:  0    Dex: 13    Spells: 2 memorised, 2 levels left

rFire  . . .     SeeInvis .     f - +0 dagger
rCold  . . .     Gourm    .     a - +1 robe
rNeg   . . .     Faith    .     (no shield)
rPois  .         Spirit   .     (no helmet)
rElec  .         Reflect  .     (no cloak)
rCorr  .         Harm     .     (no gloves)
MR     .....                    (no boots)
Stlth  ++........               (no amulet)
                                (no ring)
                                (no ring)

@: very slightly contaminated
A: demonic guardian 1
a: no special abilities


You were on level 2 of the Dungeon.
You were not hungry.

You visited 1 branch of the dungeon, and saw 2 of its levels.

You collected 35 gold pieces.

Inventory:

Hand Weapons
 f - a +0 dagger (weapon)
Missiles
 g - 20 arrows
 n - 5 needles of paralysis
Armour
 a - a +1 robe (worn)
Jewellery
 e - an uncursed amulet of guardian spirit {unknown}
Scrolls
 j - a scroll of enchant weapon
 l - 2 scrolls of remove curse
Potions
 d - 2 potions of lignification {unknown}
 h - a potion of curing {unknown}
 k - a potion of degeneration {unknown}
Books
 b - a book of Flames

   Spells                             Type                      Level
   a - Flame Tongue                   Conjuration/Fire             1
   b - Throw Flame                    Conjuration/Fire             2
   c - Conjure Flame                  Conjuration/Fire             3
   d - Inner Flame                    Hexes/Fire                   3
   e - Sticky Flame                   Conjuration/Fire             4
   f - Fireball                       Conjuration/Fire             5


   Skills:
 + Level 2.1 Dodging
 + Level 1.9 Stealth
 + Level 2.3 Spellcasting
 + Level 1.3 Conjurations
 + Level 3.1 Fire Magic


You had 2 spell levels left.
You knew the following spells:

 Your Spells              Type           Power        Failure   Level  Hunger
a - Flame Tongue          Conj/Fire      #....        10%         1    #......
b - Throw Flame           Conj/Fire      #.....       14%         2    ###....


Dungeon Overview and Level Annotations

Branches:
Dungeon (2/15)

Altars:


Innate Abilities, Weirdness & Mutations

A weak demonic guardian rushes to your aid.


Message History

The jackal barks!
The jackal bites you but does no damage.
The jackal bites you.
* * * LOW HITPOINT WARNING * * *
The jackal misses you.
The jackal bites you but does no damage.
The jackal barely misses you. The jackal closely misses you. x2
The jackal closely misses you.
A rat comes into view.
The jackal barely misses you. x2
The jackal barely misses you. x2
You hit the jackal.
The jackal is heavily wounded.
The jackal bites you.
* * * LOW HITPOINT WARNING * * *
The jackal bites you but does no damage.
The jackal misses you. The jackal bites you.
You die...

....####..g......
........l.......#
# ......g........#
.. #....g........#
...#..r..........#
...............###
#.....h.........
#..5hh......###
#...@h..%...#
#........####
##########


You could see 2 gnolls, 4 jackals, a frilled lizard, a rat and a friendly iron
imp.

Vanquished Creatures
  A dart slug (D:1)
  A leopard gecko (D:1)
  3 bats (D:1)
  5 goblins (D:1)
  2 hobgoblins (D:1)
  3 kobolds (D:1)
  A frilled lizard (D:2)
  5 rats (D:1)
21 creatures vanquished.

Vanquished Creatures (collateral kills)
  A frilled lizard (D:2)
1 creature vanquished.

Grand Total: 22 creatures vanquished

Notes
Turn   | Place    | Note
-------+----------+-------------------------------------------
     0 | D:1      | smedtjen the Demonspawn Fire Elementalist began the quest for the Orb.
     0 | D:1      | Reached XP level 1. HP: 13/13 MP: 3/3
   643 | D:1      | Gained mutation: A weak demonic guardian rushes to your aid. [demonic ancestry]
   643 | D:1      | Reached XP level 2. HP: 19/19 MP: 0/5
   987 | D:1      | Reached skill level 3 in Fire Magic
  1494 | D:1      | Learned a level 2 spell: Throw Flame
  1670 | D:2      | Slain by a jackal

Skill      XL: |  1  2 |
---------------+-------+-----
Dodging        | 2 |  2.1
Fire Magic     | 3 |  3.1
Stealth        | |  1.9
Spellcasting   | |  2.3
Conjurations   | |  1.3

Action                   || total
-------------------------++-------
Melee: Dagger            ||     9
 Cast: Flame Tongue      ||    29
  Use: Scroll            ||     4
  Eat: Bread ration      ||     1
       Chunk             ||     1
Armor: Robe              ||     8
Dodge: Dodged            ||    32
